 Dungeon Crawl Stone Soup version 0.17-a0-1914-gde4187c (webtiles) character file.

162 mcbry74 the Insei (level 5, -3/41 HPs)
             Began as a Vampire Monk on Sept 26, 2015.
             Slain by Crazy Yiuf
             ... wielding a +4 quarterstaff of chaos
              (12 damage)
             ... on level 3 of the Dungeon.
             The game lasted 00:11:38 (3869 turns).

mcbry74 the Insei (Vampire Monk)                    Turns: 3869, Time: 00:11:39

Health: -3/41      AC:  3    Str: 10    XL:     5   Next: 19%
Magic:  1/5        EV: 14    Int: 13    God:
Gold:   73         SH:  0    Dex: 17    Spells: 0 memorised, 4 levels left

rFire  . . .     SeeInvis +       - Unarmed
rCold  . . .     Clarity  .     a - +0 robe
rNeg   + . .     SustAt   .     (no shield)
rPois  .         Gourm    .     (no helmet)
rElec  .         Spirit   .     d - +0 cloak
rCorr  .         Warding  .     (no gloves)
rMut   .         Stasis   .     (no boots)
MR     .....                    (no amulet)
Stlth  +++.......               (no ring)
                                (no ring)

@: not resistant to hostile enchantments, fairly stealthy
A: fangs 3, see invisible, unbreathing
a: Bat Form


You were on level 3 of the Dungeon.
You were not thirsty.

You visited 1 branch of the dungeon, and saw 3 of its levels.

You collected 73 gold pieces.

Inventory:

Armour
 a - a +0 robe (worn)
 d - a +0 cloak (worn)
Jewellery
 i - a cursed ring of teleportation {unknown}
Scrolls
 f - a scroll of fog {unknown}
 g - a scroll of random uselessness {unknown}
 h - a scroll of teleportation {unknown}
 k - a scroll of remove curse {unknown}
 l - a scroll of enchant weapon {unknown}
Potions
 b - 6 potions of blood
 c - a potion of invisibility {unknown}
 e - a potion of magic {unknown}
 j - a potion of curing {unknown}
 m - 2 potions of heal wounds {unknown}


   Skills:
 + Level 3.3 Fighting
 + Level 4.3 Dodging
 + Level 4.3 Stealth
 + Level 5.6 Unarmed Combat


You had 4 spell levels left.
You didn't know any spells.

Dungeon Overview and Level Annotations

Branches:
Dungeon (3/15)

Altars:
Xom

Annotations:
D:3 Crazy Yiuf


Innate Abilities, Weirdness & Mutations

You have razor-sharp teeth.
You have supernaturally acute eyesight.
You can survive without breathing.


Message History

You barely miss Crazy Yiuf. You bite Crazy Yiuf, but do no damage.
Crazy Yiuf is moderately wounded.
Crazy Yiuf hits you with a quarterstaff of chaos!
You feel your power leaking away.
You hit Crazy Yiuf.
Crazy Yiuf is heavily wounded.
Crazy Yiuf hits you with a quarterstaff of chaos.
* * * LOW HITPOINT WARNING * * *
Crazy Yiuf freezes you.
* * * LOW HITPOINT WARNING * * *
You barely miss Crazy Yiuf.
Crazy Yiuf is heavily wounded.
You barely miss Crazy Yiuf.
Crazy Yiuf is heavily wounded.
Crazy Yiuf says, "Crazy?
Crazy!?
PORCUPINE!"
Crazy Yiuf barely misses you.
You barely miss Crazy Yiuf.
Crazy Yiuf is heavily wounded.
Crazy Yiuf hits you with a quarterstaff of chaos!
You die...

.......... +.....
..######## ####..
..# ##. ..# #.
..# ## ..###### #
.......###♣♣ ###
# .#####.....♣♣
♣♣#)))#
########## %#
#......♣♣♣♣@g)).#
#......... .#
##.....)♣))♣#)))#
##.###.### .#
##..♣)♣)♣♣♣ ###
#..# #.# ##
###♣♣♣♣♣ ##<# #.#
#.# #.# #.# #.#
..> ..# ### ###


You could see Crazy Yiuf.

Vanquished Creatures
  3 gnolls
  8 adders
  2 worms
  3 giant geckos
  3 orcs (D:3)
  6 bats
  A giant cockroach (D:1)
  5 hobgoblins
  3 jackals (D:3)
  2 giant newts (D:1)
  3 goblins
  6 kobolds
  11 rats
56 creatures vanquished.

Notes
Turn   | Place    | Note
--------------------------------------------------------------
     0 | D:1      | mcbry74 the Vampire Monk began the quest for the Orb.
     0 | D:1      | Reached XP level 1. HP: 17/17 MP: 1/1
   174 | D:1      | Reached XP level 2. HP: 4/23 MP: 2/2
   668 | D:1      | Reached skill level 5 in Unarmed Combat
   668 | D:1      | Reached XP level 3. HP: 26/29 MP: 3/3
  1973 | D:2      | Reached XP level 4. HP: 21/35 MP: 4/4
  2650 | D:3      | Found a shimmering altar of Xom.
  3561 | D:3      | Reached XP level 5. HP: 39/41 MP: 5/5
  3856 | D:3      | Noticed Crazy Yiuf
  3869 | D:3      | Slain by Crazy Yiuf

Vault maps used:
D:1:      dpeg_arrival_yet_another_circle
D:2:      lemuel_upstairs_altar, st_stairs_6, kennysheep_generic_room_7
D:3:      tgw_xom, uniq_crazy_yiuf_cottage

Action                   |  1- 3 |  4- 6 || total
-------------------------+-------+-------++-------
Melee: Unarmed           |   155 |   149 ||   304
 Abil: Bat Form          |     1 |       ||     1
       End Transformatio |       |     1 ||     1
  Use: Potion            |       |     1 ||     1
 Stab: Sleeping          |     7 |     5 ||    12
  Eat: Corpse            |       |     2 ||     2
